 Dungeon Crawl Stone Soup version 0.17-a0-1528-gfee3901 (webtiles) character file.

180 TheHolyPigeon the Insei (level 5, -4/28 HPs)
             Began as a Vine Stalker Monk on July 15, 2015.
             Was a Believer of Okawaru.
             Slain by Sigmund
             ... wielding a +0 antimagic scythe
              (9 damage)
             ... on level 3 of the Dungeon.
             The game lasted 00:08:34 (2240 turns).

TheHolyPigeon the Insei (Vine Stalker Monk)         Turns: 2240, Time: 00:08:35

Health: -4/28      AC:  2    Str: 13    XL:     5   Next: 60%
Magic:  0/6        EV:  9    Int: 10    God:    Okawaru [**....]
Gold:   55         SH:  0    Dex: 18    Spells: 0 memorised, 4 levels left

rFire  . . .     SeeInvis .       - Unarmed
rCold  . . .     Clarity  .     a - +0 robe
rNeg   . . .     SustAt   .     (no shield)
rPois  .         Gourm    .     (no helmet)
rElec  .         Spirit   +     (no cloak)
rCorr  .         Warding  .     (no gloves)
rMut   .         Stasis   .     (no boots)
MR     .....                    (no amulet)
Stlth  +++.......               (no ring)
                                (no ring)

@: not resistant to hostile enchantments, fairly stealthy
A: fangs 2, regeneration 1, magic shield, antimagic bite, no device heal 3, rot
immunity
a: Heroism, Renounce Religion


You were on level 3 of the Dungeon.
You worshipped Okawaru.
Okawaru was pleased with you.
You were not hungry.

You visited 1 branch of the dungeon, and saw 5 of its levels.

You collected 55 gold pieces.

Inventory:

Armour
 a - a +0 robe (worn)
Magical devices
 b - a wand of frost (19)
Scrolls
 f - a scroll of teleportation
 g - a scroll of identify {unknown}
 h - a scroll of remove curse
Potions
 c - a potion of lignification {unknown}
 d - a potion of invisibility
 e - a potion of berserk rage {unknown}


   Skills:
 + Level 3.6 Fighting
 + Level 3.2 Dodging
 + Level 3.7 Stealth
 + Level 5.0 Unarmed Combat


You had 4 spell levels left.
You didn't know any spells.

Dungeon Overview and Level Annotations

Branches:
Dungeon (5/15)
 Temple: D:4-7

Altars:
Okawaru
Trog
Vehumet

Annotations:
D:3 Sigmund


Innate Abilities, Weirdness & Mutations

You have extremely sharp teeth.
Your natural rate of healing is unusually fast.
When hurt, damage is shared between your health and your magic reserves.
Your bite disrupts and absorbs the magic of your enemies.
Potions and wands cannot restore your health.
You are immune to rotting.


Message History

You hit something.
You hear some strange, mumbled words.
Something tries to affect you, but you resist.
You closely miss something. You punch something. Something hits you!
You feel your power leaking away.
You miss something. You bite something. You drain its magic.
You feel invigorated.
You closely miss something. Something hits you!
* * * LOW HITPOINT WARNING * * *
You feel your power leaking away.
You miss something. Your bite misses something.
Use which ability? (? or * to list)
You don't have enough magic at the moment.
You punch something! You bite something. You drain its magic.
You feel invigorated. Something barely misses you.
You closely miss something. Your bite misses something. Something hits you.
* * * LOW HITPOINT WARNING * * *
There is a stone staircase leading up here.
Something hits you!
You die...

..# #
####.####.## ###
# ##.........#
#.#...##.#######
#......#.# #.
##........# #.
#.........# .
#.........# .#
#.........##.#
##.......@...#
##)....#.>##.#
##...##..#
#..###..# #..
#... #.#. ...##
.# ##.## .## #


There were no monsters in sight!

Vanquished Creatures
  2 scorpions
  Robin (D:3)
  An adder (D:2)
  2 giant geckos (D:1)
  An orc (D:4)
  7 bats
  A giant cockroach (D:1)
  8 goblins
  15 hobgoblins
  5 kobolds
  A ball python (D:2)
  2 giant newts (D:2)
  7 jackals (D:3)
  7 rats
60 creatures vanquished.

Vanquished Creatures (others)
  A goblin (D:3)
1 creature vanquished.

Grand Total: 61 creatures vanquished

Notes
Turn   | Place    | Note
--------------------------------------------------------------
     0 | D:1      | TheHolyPigeon the Vine Stalker Monk began the quest for the Orb.
     0 | D:1      | Reached XP level 1. HP: 11/11 MP: 2/2
   120 | D:1      | Reached XP level 2. HP: 16/16 MP: 3/3
   402 | D:2      | Reached XP level 3. HP: 8/19 MP: 4/4
  1043 | D:2      | You fall through a shaft!
  1056 | D:3      | Noticed Robin
  1072 | D:3      | Killed Robin
  1111 | D:3      | Reached XP level 4. HP: 18/24 MP: 5/5
  1134 | D:3      | Found an iron altar of Okawaru.
  1137 | D:3      | Became a worshipper of Warmaster Okawaru
  1137 | D:3      | Acquired Okawaru's first power
  1175 | D:5      | Entered Level 5 of the Dungeon
  1306 | D:3      | Noticed Sigmund
  1349 | D:2      | Reached XP level 5. HP: 28/28 MP: 6/6
  1480 | D:2      | Found a bloodstained altar of Trog.
  1651 | D:2      | Found a radiant altar of Vehumet.
  2037 | D:2      | You fall through a shaft for 2 floors!
  2138 | D:4      | Reached skill level 5 in Unarmed Combat
  2240 | D:3      | Slain by Sigmund

Vault maps used:
D:1:      kilobyte_arrival_exit_the_forest
D:2:      lemuel_round_altar, lemuel_crystal_altar, first_bread
D:3:      grunt_temple_overflow_order_and_chaos_1, okawaru_trees_2,
          lemuel_angel_altar, uniq_robin, uniq_sigmund, uniq_iyjb,
          uniq_crazy_yiuf_cottage
D:4:      serial_shops, kennysheep_mini_moat, minmay_misc_feat_more_columns
D:5:      grunt_dithmenos_smoke_and_mirrors, grunt_qazlal_sundering,
          enter_ossuary_4, grunt_ministairs_7, minmay_misc_feat_square,
          uniq_pikel, uniq_eustachio

Action                   |  1- 3 |  4- 6 || total
-------------------------+-------+-------++-------
Melee: Unarmed           |    91 |    98 ||   189
  Use: Potion            |     3 |       ||     3
       Scroll            |     2 |       ||     2
 Stab: Sleeping          |     7 |     5 ||    12
  Eat: Bread ration      |     1 |       ||     1
